[ AOE2 MATCH · #470631311 ]
UnrankedBritons vs Mongols
[ REPLAY ANALYSIS · EXTRACTED FROM THE RECORDED GAME ]
Feudal
—
Castle
—
Imperial
—
| APM avg | 63.5 |
| APM peak | 11 |
| eAPM avg | 57.7 |
| Villagers / military | 2 / 0 |
Focus
⚔️ 0.0% · 🌾 100.0%
Feudal
—
Castle
—
Imperial
—
| APM avg | 57.7 |
| APM peak | 10 |
| eAPM avg | 46.2 |
| Villagers / military | 4 / 0 |
Focus
⚔️ 0.0% · 🌾 100.0%
Feudal
—
Castle
—
Imperial
—
| APM avg | 63.5 |
| APM peak | 11 |
| eAPM avg | 57.7 |
| Villagers / military | 1 / 0 |
Focus
⚔️ 0.0% · 🌾 100.0%
Feudal
—
Castle
—
Imperial
—
| APM avg | 57.7 |
| APM peak | 10 |
| eAPM avg | 46.2 |
| Villagers / military | 5 / 0 |
Focus
⚔️ 0.0% · 🌾 100.0%
Feudal
—
Castle
—
Imperial
—
| APM avg | 40.4 |
| APM peak | 7 |
| eAPM avg | 40.4 |
| Villagers / military | 0 / 0 |
Feudal
—
Castle
—
Imperial
—
| APM avg | 52.0 |
| APM peak | 9 |
| eAPM avg | 52.0 |
| Villagers / military | 0 / 0 |
Focus
⚔️ 0.0% · 🌾 100.0%
Feudal
—
Castle
—
Imperial
—
| APM avg | 40.4 |
| APM peak | 7 |
| eAPM avg | 40.4 |
| Villagers / military | 0 / 0 |
Feudal
—
Castle
—
Imperial
—
| APM avg | 17.3 |
| APM peak | 3 |
| eAPM avg | 17.3 |
| Villagers / military | 0 / 0 |
Match map
Initial resources + every placement click. Lines = walls · curves = elevation contours. ◆ gold · ⬟ stone · ● berries · ✦ relic · ◌ wall gap
Your base
Pedrosa24's base
malibu's base
adrylaynez69's base
啥牌子的's base
atilaalmogaver's base
帅能当饭吃's base
yuyuyuyuyu's base
Smoothed initial terrain · ◌ = detected wall gap · hover for details
Inputs per minute
— El Peregrino - - Pedrosa24
Build order — El Peregrino
4 actions detected in the replay
| 0:01 | Create | Villager (Male) |
| 0:01 | Create | Villager (Male) |
| 0:03 | Build | House |
| 0:05 | Build | House |
Build order — Pedrosa24
6 actions detected in the replay
| 0:01 | Create | Villager (Male) |
| 0:01 | Create | Villager (Male) |
| 0:01 | Create | Villager (Male) |
| 0:02 | Create | Villager (Male) |
| 0:03 | Build | House |
| 0:04 | Build | House |
Build order — malibu
3 actions detected in the replay
| 0:00 | Create | Villager (Male) |
| 0:02 | Build | House |
| 0:03 | Build | House |
Build order — adrylaynez69
6 actions detected in the replay
| 0:04 | Create | Villager (Male) |
| 0:05 | Create | Villager (Male) |
| 0:05 | Create | Villager (Male) |
| 0:05 | Create | Villager (Male) |
| 0:06 | Create | Villager (Male) |
| 0:10 | Build | House |
Build order — 啥牌子的
0 actions detected in the replay
Build order — atilaalmogaver
2 actions detected in the replay
| 0:06 | Build | House |
| 0:07 | Build | House |
Build order — 帅能当饭吃
0 actions detected in the replay
Build order — yuyuyuyuyu
0 actions detected in the replay
Match timeline
| 0:03 | 啥牌子的 · resign |
[ AI ANALYSIS · 1 CREDIT ]
What really happened in this match?
Wolo.gg analyzes every decision: build order, eco, micro, common mistakes by bracket. Personalized analysis on WhatsApp or Discord in 30 seconds.
Civ guide
Britons
Perfil
El Peregrino